 Dungeon Sprint DCSS version 0.30-a0-824-g6c64550be9 (webtiles) character file.

Game seed: 13552685041847461414

7 dialectric the Trooper (level 2, -1/20 HPs)
             Began as a Gargoyle Fighter on Feb 28, 2023.
             Slain by a wyvern (13 damage)
             ... in the Dungeon (Sprint II: "The Violet Keep of Menkaure").
             The game lasted 00:00:24 (22 turns).

dialectric the Trooper (Gargoyle Fighter)             Turns: 22, Time: 00:00:25

Health: -1/20      AC:  9    Str: 19    XL:     2   Next: 0%
Magic:  2/2        EV:  9    Int:  8    God:
Gold:   0          SH:  0    Dex:  9    Spells: 1/1 levels left

rFire   . . .      SeeInvis .    a - +0 flail
rCold   . . .      Faith    .    (no shield)
rNeg    + . .      Spirit   .    b - +0 scale mail
rPois   ∞          Reflect  .    (no helmet)
rElec   +          Harm     .    (no cloak)
rCorr   .          Rampage  .    (no gloves)
Will    .....      NoTele   +    (no boots) Stlth
                                 (no amulet)
HPRegen 0.23/turn                (no ring)
MPRegen 0.08/turn                (no ring)

@: mighty
A: sickness immunity, AC +2, negative energy resistance 1, electricity
resistance, torment resistance 1, petrification resistance
a: no special abilities


You were in the Dungeon.
You visited 1 branch

Inventory:

Hand Weapons
 a - a +0 flail (weapon)
Armour
 b - a +0 scale mail (worn)
 c - a +0 buckler
Scrolls
 j - a scroll of blinking
Potions
 e - a potion of curing
 f - a potion of heal wounds
 g - a potion of haste
 h - 2 potions of magic
 i - a potion of berserk rage


   Skills:
 + Level 4.1 Fighting
 * Level 2.7 Maces & Flails
 + Level 4.1 Armour
 - Level 3.2 Shields


You had one spell level left.
You didn't know any spells.
Your spell library was empty.

Dungeon Overview and Level Annotations

Branches:
Dungeon (1/1)

Altars:


Innate Abilities, Weirdness & Mutations

You are immune to sickness and miasma.
Your stone body is resilient. (AC +2)
You are immune to poison.
You resist negative energy. (rN+)
You are resistant to electric shocks. (rElec)
You are resistant to unholy torment.
You are immune to petrification.


Message History

You start removing your armour.
You continue taking off your +0 buckler. x4
You finish taking off your +0 buckler.
You drop a +0 buckler.
c - a +0 buckler You open the door. 2 worms come into view.
Found 243 gold pieces.
You feel very mighty all of a sudden.
You completely miss the worm. You thump the worm! You punch the worm.
You kill the worm!
You barely miss the worm. The worm barely misses you.
You hit the worm.
The worm is moderately wounded.
The worm bites you but does no damage.
You sock the worm!
You kill the worm!
Your Fighting skill increases to level 4!
Your Armour skill increases to level 4!
You have reached level 2!
You open the door. 2 boulder beetles come into view.
The boulder beetle waves its antennae.
The boulder beetle leaps!
Found 243 gold pieces.
You close the door.
You open the door. 2 wyverns come into view.
The wyvern hisses angrily. x2
Found 243 gold pieces.
You hit the wyvern.
The wyvern is lightly wounded.
The wyvern bites you!
The wyvern hisses menacingly.
The wyvern closely misses you.
You thump the wyvern!
The wyvern is heavily wounded.
The wyvern bites you!
Ouch! That really hurt!
You die... ## ## ##. .## .. °. # B#B

# ##. #+#
.#
#...##.##l#
#$'.<@l#
####.##.#
#+# .# #


You could see 2 wyverns.

Vanquished Creatures
  2 worms (D)
2 creatures vanquished.

Notes
Turn   | Place    | Note
-------+----------+-------------------------------------------
     0 | D        | dialectric the Gargoyle Fighter began the quest for the
                  | Orb.
     0 | D        | Reached XP level 1. HP: 14/14 MP: 1/1
    16 | D        | Reached XP level 2. HP: 20/20 MP: 2/2
    17 | D        | Noticed a boulder beetle
    17 | D        | Noticed a boulder beetle
    20 | D        | Noticed a wyvern
    20 | D        | Noticed a wyvern
    22 | D        | Slain by a wyvern

Illustrated notes

Levels and vault maps discovered:
D:        the_violet_keep_of_menkaure [sprint2_stairs_cluster_1,
          sprint2_shoproom, sprint2_temple, sprint2_basic_supplies,
          sprint2_obstacle_2, sprint2_obstacle_1, sprint2_obstacle_5,
          sprint2_obstacle_4, sprint2_obstacle_6, sprint2_timed_cluster_1,
          sprint2_smallroom_cluster_1, sprint2_smallroom_final_cluster_1,
          sprint2_transparent_cluster_1, sprint2_second_timed_cluster_1,
          sprint2_sniper_area_1, sprint2_heavy_combat_area_1,
          sprint2_mutation_trap_area_1, sprint2_forest_area_1,
          sprint2_light_combat_area_1, sprint2_behind_water_1,
          sprint2_near_end_vault_1]

Skill      XL: |  1 |
---------------+----+-----
Fighting       | 4 |  4.1
Armour         | 4 |  4.1
Maces & Flails | |  2.7
Shields        | |  3.2

Action                     || total
---------------------------++-------
  Melee: Flail             ||     7
         Punch             ||     1
    Use: Potion            ||     1
 Armour: Scale mail        ||     1
  Dodge: Dodged            ||     2

Table legend: (Time is in decaauts)
 A = Elapsed time spent in this place.
 B = Non-inter-level travel time spent in this place.
 C = Inter-level travel time spent in this place.
 D = Time resting spent in this place.
 E = Time spent auto-exploring this place.
 F = Levels seen in this place.
 G = Mean time per level.
                   A        B        C        D        E       F      G
               +--------+--------+--------+--------+--------+-----+--------+
         Total |     23 |     23 |      0 |      0 |      0 |   1 |   23.0 |
       Dungeon |     23 |     23 |      0 |      0 |      0 |   1 |   23.0 |
               +--------+--------+--------+--------+--------+-----+--------+

Top non-repeatable levels by time:
       D: 23 daAuts
